 Dungeon Crawl Stone Soup version 0.17-a0-1954-g0dddeaa (webtiles) character file.

9 esc the Insei (level 2, 0/18 HPs)
             Began as an Octopode Transmuter on Oct 3, 2015.
             Slain by a rat (3 damage)
             ... on level 1 of the Dungeon.
             The game lasted 00:00:46 (232 turns).

esc the Insei (Octopode Transmuter)                  Turns: 232, Time: 00:00:46

Health: 0/18       AC:  1    Str:  9    XL:     2   Next: 16%
Magic:  4/5        EV: 12    Int: 15    God:
Gold:   8          SH:  0    Dex: 12    Spells: 1 memorised, 4 levels left

rFire  . . .     SeeInvis .       - Unarmed
rCold  . . .     Clarity  .     (no shield)
rNeg   . . .     SustAt   .     (helmet restricted)
rPois  .         Gourm    .     (no amulet)
rElec  .         Spirit   .     (no ring)
rCorr  .         Warding  .     (no ring)
rMut   .         Stasis   .     (no ring)
MR     .....                    (no ring)
Stlth  ++........               (no ring)
                                (no ring)
                                (no ring)
                                (no ring)

@: appendage (expiring), not resistant to hostile enchantments, unstealthy
A: almost no armour, amphibious, 8 rings, constrict 8, tentacle spike 3,
camouflage 1, gelatinous body 1
a: End Transformation


You were on level 1 of the Dungeon.
You were not hungry.
One of your tentacles had a temporary spike.
You visited 1 branch of the dungeon, and saw 1 of its levels.

You collected 8 gold pieces.

Inventory:

Missiles
 a - 12 arrows
Scrolls
 h - a scroll of random uselessness
Books
 b - a book of Changes
Comestibles
 c - a bread ration {@e1}
 d - 5 chunks of flesh {@w0}
 f - a meat ration {@e2}


   Skills:
 + Level 1.2 Fighting
 + Level 2.4 Dodging
 + Level 3.1 Unarmed Combat
 + Level 2.0 Spellcasting
 + Level 2.1 Transmutations


You had 4 spell levels left.
You knew the following spells:

 Your Spells              Type           Power        Failure   Level  Hunger
a - Beastly Appendage     Trmt           #.....       12%         1    #......


Dungeon Overview and Level Annotations

Branches:
Dungeon (1/15)

Altars:


Innate Abilities, Weirdness & Mutations

You cannot wear most types of armour.
You are amphibious.
You can wear up to eight rings at the same time.
You can use your tentacles to constrict eight enemies at once.
Your skin changes colour to match your surroundings (Stealth).
Your rubbery body absorbs attacks (AC +1).
One of your tentacles bears a large vicious spike.


Message History

h - a scroll labeled PAQINWEUHO
There is a stone staircase leading down here.
A bat comes into view.
The bat hits you but does no damage.
You closely miss the bat. Your grab misses the bat. The bat barely misses you.
The bat misses you. The bat hits you but does no damage.
You tentacle-slap the bat but do no damage.
Your grab misses the bat. Your squeeze misses the bat. The bat hits you.
You take 1 damage, and have 17/18 hp.
The bat barely misses you.
You tentacle-slap the bat but do no damage.
Your grab misses the bat. Your squeeze misses the bat.
The bat barely misses you.
You tentacle-slap the bat.
You kill the bat!
No target in view!
No target in view!
No target in view!
No target in view!
No target in view!
No target in view!
No target in view!
No target in view!
No target in view!
No target in view!
No target in view!
No target in view!
No target in view!
No target in view!
As you open the door, it creaks loudly!
There is an open door here.
You open the door.
There is an open door here.
You now have 8 gold pieces.
A goblin comes into view. It is wielding a club.
Health restored: 18 A goblin is nearby!
A giant cockroach comes into view.
The goblin shouts!
A goblin comes into view. It is wielding a club.
A rat comes into view.
You closely miss the giant cockroach.
The goblin shouts!
You grab the giant cockroach. You constrict the giant cockroach.
The giant cockroach closely misses you.
You tentacle-slap the giant cockroach.
You kill the giant cockroach!
The goblin misses you.
You barely miss the goblin. Your grab misses the goblin.
The goblin barely misses you.
You closely miss the goblin. Your grab misses the goblin.
You closely miss the goblin. Your grab misses the goblin.
Your squeeze misses the goblin. The goblin barely misses you.
You barely miss the goblin. You grab the goblin. You constrict the goblin.
The goblin hits you with a club.
You take 3 damage, and have 15/18 hp.
You tentacle-slap the goblin.
You kill the goblin!
A rat comes into view.
You barely miss the goblin. Your grab misses the goblin.
The goblin hits you with a club. The rat bites you.
You take 5 damage, and have 10/18 hp.
MASSIVE DAMAGE!!
The rat misses you.
A jackal comes into view. 2 jackals come into view.
The jackal barks!
The goblin hits you with a club.
You take 2 damage, and have 8/18 hp.
The rat twitches its whiskers.
The rat bites you.
You take 1 damage, and have 7/18 hp.
Read which item? (? for menu, Esc to quit)
As you read the scroll labeled HYDISTACKA, it crumbles to dust.
It is a scroll of identify.
Identify which item? (\ to view known items) (? for menu, Esc to quit)
h - a scroll of random uselessness The rat bites you.
You take 1 damage, and have 6/18 hp.
Read which item? (? for menu, Esc to quit)
As you read the scroll labeled UTAUHO UG ETE, it crumbles to dust.
It is a scroll of enchant weapon.
You aren't carrying any weapons that can be enchanted.
The goblin closely misses you. The rat barely misses you.
One of your tentacles grows a vicious spike.
The rat bites you but does no damage. The goblin hits you with a club.
* * * LOW HITPOINT WARNING * * *
You take 1 damage, and have 5/18 hp.
You now have 4/5 mp.
You tentacle-slap the goblin. Your grab misses the goblin.
Your tentacle spike misses the goblin.
Your squeeze misses the goblin. The rat bites you.
* * * LOW HITPOINT WARNING * * *
The goblin hits you with a club.
* * * LOW HITPOINT WARNING * * *
You take 2 damage, and have 3/18 hp.
You tentacle-slap the goblin. Your grab misses the goblin.
You pierce the goblin.
Your transformation is almost over.
The rat bites you.
You die...

#...........#........#
##....
............#........#
#...>.
..........#........#
#.##..
.######.###........#
... ... #.# #........#
.... .#. #####.#
#........# ........
....... #........#
....... #..r.....#
.......##..g@....#
..........hr######
............#
##........#
#...)####.......
+....+ h......
.......# .......
#.#...## ....h..
....... .h.....


You could see a jackal, a goblin and 2 rats.

Vanquished Creatures
  2 giant cockroaches (D:1)
  A bat (D:1)
  A giant newt (D:1)
  4 goblins (D:1)
  A kobold (D:1)
  A rat (D:1)
10 creatures vanquished.

Notes
Turn   | Place    | Note
--------------------------------------------------------------
     0 | D:1      | esc the Octopode Transmuter began the quest for the Orb.
     0 | D:1      | Reached XP level 1. HP: 13/13 MP: 3/3
   161 | D:1      | Reached XP level 2. HP: 18/18 MP: 5/5
   231 | D:1      | HP: 4/18 [rat (1)]
   232 | D:1      | Slain by a rat

Vault maps used:
D:1:      dpeg_arrival_stonehenge_12_columns, minmay_surrounded

Action                   || total
-------------------------++-------
Melee: Unarmed           ||    25
 Cast: Beastly Appendage ||     1
  Use: Scroll            ||     2
 Stab: Sleeping          ||     2

Vault maps used:
D:1:      dpeg_arrival_stonehenge_12_columns, minmay_surrounded

Table legend:
 A = Turns spent in this place as a percentage of turns spent in the entire game.
 B = Non-inter-level travel turns spent in this place as a percentage of non-inter-level travel turns spent in the entire game.
 C = Inter-level travel turns spent in this place as a percentage of turns spent in this place.
 D = Turns resting spent in this place as a percentage of non-inter-level travel turns spent in this place.
 E = Turns spent auto-exploring this place as a percentage of non-inter-level travel turns spent in this place.
 F = Non-inter-level travel turns spent in this place divided by the number of levels of this place that you've seen.
                   A       B       C       D       E      F
               +-------+-------+-------+-------+-------+----------------------
         Total | 100.0 | 100.0 |   0.0 |   0.0 |   5.9 | 153.0
       Dungeon | 100.0 | 100.0 |   0.0 |   0.0 |   5.9 | 153.0
               +-------+-------+-------+-------+-------+----------------------

Table legend:
 A = Kills in this place as a percentage of kills in entire the game.
 B = Kills by you in this place as a percentage of kills by you in the entire game.
 C = Kills by friends in this place as a percentage of kills by friends in the entire game.
 D = Other kills in this place as a percentage of other kills in the entire game.
 E = Experience gained in this place as a percentage of experience gained in the entire game.
 F = Experience gained in this place divided by the number of levels of this place that you have seen.
                   A       B       C       D       E      F
               +-------+-------+-------+-------+-------+----------------------
         Total | 100.0 | 100.0 |  -nan |  -nan | 100.0 |  14.0
       Dungeon | 100.0 | 100.0 |  -nan |  -nan | 100.0 |  14.0
               +-------+-------+-------+-------+-------+----------------------
